 Dungeon Crawl Stone Soup version 0.31-a0-214-gb37851dbb3 (webtiles) character file.

Game seed: 16465344771250247642

23 qw the Shooter (level 2, -1/24 HPs)
             Began as a Minotaur Hexslinger on July 1, 2023.
             Slain by Natasha (2 damage)
             ... on level 1 of the Dungeon.
             The game lasted 00:00:14 (918 turns).

qw the Shooter (Minotaur Hexslinger)                 Turns: 918, Time: 00:00:14

Health: -1/24      AC:  2    Str: 12    XL:     2   Next: 75%
Magic:  2/2        EV: 12    Int: 10    God:
Gold:   6          SH:  0    Dex: 12    Spells: 2/3 levels left

rFire   . . .        Y - +1 sling
rCold   . . .        (no shield)
rNeg    . . .        c - +0 robe
rPois   .            (helmet restricted)
rElec   .            (no cloak)
rCorr   .            (no gloves)
SInv    .            (no boots)
Will    .....        g - amulet of faith
Stlth   +            (no ring)
HPRegen 0.24/turn    (no ring)
MPRegen 0.08/turn

%: faith
@: no status effects
A: horns 2, retaliatory headbutt
a: no special abilities


You were on level 1 of the Dungeon.
You visited 1 branch of the dungeon, and saw 2 of its levels.

You collected 6 gold pieces.


Innate Abilities, Weirdness & Mutations

You have a pair of horns on your head.
You reflexively headbutt those who attack you in melee.


   Skills:
 - Level 2.0 Fighting
 + Level 3.3 Ranged Weapons
 - Level 2.1 Dodging
 - Level 1.0 Spellcasting
 - Level 2.0 Hexes


You had 2 spell levels left.
You knew the following spells:

 Your Spells              Type           Power      Damage    Failure   Level
a - Slow                  Hex            16%        N/A       16%         1

Your spell library contained the following spells:

 Spells                   Type           Power      Damage    Failure   Level
 Inner Flame              Hex/Fire       2%         N/A       56%         3
 Portal Projectile        Hex/Tloc       4%         N/A       56%         3
 Cause Fear               Hex            2%         N/A       83%         4

Inventory:

Hand Weapons
 Y - a +1 sling (weapon)
Armour
 c - a +0 robe (worn)
Jewellery
 g - an amulet of faith (around neck)
Potions
 d - a potion of brilliance {unknown}
 e - a potion of mutation {unknown}
 f - a potion of invisibility {unknown}

Dungeon Overview and Level Annotations

Branches:
Dungeon (2/15)

Altars:

Shops:
D:1 =

Annotations:
D:1 Natasha
D:2 Terence


Message History

Done waiting.
Partly explored, can't reach some places.
(D) Dungeon
Where to? (* - list waypoints, Enter - D:2, ? - help)
What level of the Dungeon? (default 1, ? - help)
You climb downwards.
Level annotation: Natasha, Terence Terence says, "Don't bother to defend, it's useless."
Natasha barely misses you.
There is a stone staircase leading up here.
There are monsters nearby!
You shoot a sling bullet. The sling bullet hits Natasha.
Natasha is lightly wounded.
Natasha barely misses you.
You shoot a sling bullet.
The sling bullet closely misses Natasha.
Natasha barely misses you. The rat bites you. Natasha misses you.
You shoot a sling bullet.
The sling bullet closely misses Natasha.
The rat twitches its whiskers.
The rat bites you. Natasha closely misses you. You furiously retaliate!
You headbutt Natasha.
913 ||| STAIRDANCE The rat bites you.
Natasha barely misses you.
You climb upwards.
There is a stone staircase leading down here.
You shoot a sling bullet.
The sling bullet closely misses Natasha.
The rat bites you but does no damage. Natasha claws you. The rat bites you.
You shoot a sling bullet. The sling bullet misses Natasha.
Natasha casts a spell.
The rat barely misses you. You furiously retaliate!
You headbutt the rat.
You kill the rat!
You shoot a sling bullet. The sling bullet barely misses Natasha.
Natasha claws you. The cerulean imp misses you. Natasha claws you.
You shoot a sling bullet. The sling bullet hits Natasha.
Natasha is heavily wounded.
The cerulean imp hits you from afar with a +2 spear.
Natasha claws you.
You die...

.....#####..# #.#
#..#.# #..# #.#
#....## #..####.#
#.....####.......#
#...........####.##
##....####### #...#
##.#..## ###...###
#...~.~# #...%.5.#
....~.~# #...@...#
.7..~.~# #....h..#
....~~~# ##.....##
#7.....# #.....#
#.....#######.###.#
###.#.............##
####.#########......#
.....# ######.#
.#..## #.#


You could see Natasha and a cerulean imp (summoned).

Vanquished Creatures
  3 dart slugs (D:1)
  An endoplasm (D:1)
  2 goblins (D:1)
  3 kobolds (D:1)
  3 ball pythons (D:1)
  A bat (D:1)
  2 frilled lizards (D:1)
  5 rats (D:1)
20 creatures vanquished.

Notes
Turn   | Place    | Note
-------+----------+-------------------------------------------
     0 | D:1      | qw the Minotaur Hexslinger began the quest for the Orb.
     0 | D:1      | Reached XP level 1. HP: 16/16 MP: 1/1
     0 | D:1      | 0 ||| qw: Version: 0.3-a-32-g5962c71
     0 | D:1      | 0 ||| qw: Game counter: 7541
     0 | D:1      | 0 ||| qw: Melee chars always use a shield: true
     0 | D:1      | 0 ||| qw: God list: Okawaru
     0 | D:1      | 0 ||| qw: Allow faded altars: false
     0 | D:1      | 0 ||| qw: Do Orc after clearing Dungeon:15 true
     0 | D:1      | 0 ||| qw: Do second Lair branch before Depths: true
     0 | D:1      | 0 ||| qw: Lair rune preference: random
     0 | D:1      | 0 ||| qw: Goals: Normal
     0 | D:1      | 0 ||| PLANNING D:1-11
   121 | D:1      | Reached skill level 3 in Ranged Weapons
   132 | D:1      | Reached XP level 2. HP: 23/23 MP: 2/2
   179 | D:1      | Found Ucveim's Jewellery Emporium.
   187 | D:1      | 187 ||| SHOPLISTING amulet of regeneration (360 gold, have
                  | 0).
   187 | D:1      | 187 ||| SHOPLISTING amulet of the acrobat (360 gold, have
                  | 0).
   187 | D:1      | 187 ||| SHOPLISTING ring "Bax Ihon" {MP+9 Dex+4} (424 gold,
                  | have 0).
   187 | D:1      | 187 ||| SHOPLISTING ring of fire (300 gold, have 0).
   187 | D:1      | 187 ||| SHOPLISTING ring of protection from cold (300 gold,
                  | have 0).
   771 | D:1      | 771 ||| UPGRADING to amulet of faith.
   776 | D:1      | 776 ||| READING scroll labelled REESCH SUNG.
   777 | D:1      | 777 ||| DROPPING scroll of poison.
   804 | D:2      | Noticed Natasha
   804 | D:2      | Noticed Terence
   806 | D:2      | 806 ||| STAIRDANCE
   913 | D:2      | 913 ||| STAIRDANCE
   918 | D:1      | HP: 1/24 [cerulean imp/+2 spear[Natasha] (6)]
   918 | D:1      | Slain by Natasha

Levels and vault maps discovered:
D:1:      scummos_arrival_simple_fountains, layout_loops_ring, serial_forest,
          infiniplex_forest_lined_2, infiniplex_forest_clump_long,
          infiniplex_forest_straight_2, infiniplex_forest_corner_1,
          infiniplex_forest_end_2, infiniplex_forest_lined_3_way,
          infiniplex_forest_lined_2, infiniplex_forest_clump_medium,
          serial_shops, shop, chequers_serial_rivers_micro_d
D:2:      layout_basic, shapermc_ecumenical_altar_mp_ritualfount, uniq_natasha,
          uniq_terence

Skill      XL: |  1  2 |
---------------+-------+-----
Ranged Weapons | 3 |  3.3
Fighting       | 2 |  2.0
Dodging        | |  2.1
Spellcasting   | |  1.0
Hexes          | |  2.0

Action                     || total
---------------------------++-------
   Fire: Sling             ||    48
    Use: Scroll            ||     1
 Armour: Robe              ||     1
  Dodge: Dodged            ||     9

Table legend:
 A = Non-vault XP
 B = Vault XP
 C = Vault XP percentage of total XP
 D = Non-vault monster count
 E = Vault monster count
 F = Vault count percentage of total count
                 A         B        C        D         E       F
            +---------+---------+-------+---------+---------+-------
      Total |      34 |       0 |   0.0 |      20 |       0 |   0.0
            +---------+---------+-------+---------+---------+-------
        D:1 |      34 |       0 |   0.0 |      20 |       0 |   0.0
            +---------+---------+-------+---------+---------+-------
